 Dungeon Crawl Stone Soup version 0.23.0 (webtiles) character file.

Game seed: 12726946250402793785

127 wolfsongas the Sneak (level 5, -1/37 HPs)
             Began as an Octopode Assassin on Feb 16, 2019.
             Slain by an orc wizard
             ... wielding a +0 dagger
              (3 damage)
             ... on level 3 of the Dungeon.
             The game lasted 00:03:09 (1794 turns).

wolfsongas the Sneak (Octopode Assassin)            Turns: 1794, Time: 00:03:09

Health: -1/37      AC:  1    Str: 10    XL:     5   Next: 11%
Magic:  5/5        EV: 13    Int: 14    God:
Gold:   72         SH:  0    Dex: 14    Spells: 4/4 levels left

rFire    . . .     SeeInvis .   a - +2 dagger
rCold    . . .     Gourm    .   (no shield)
rNeg     . . .     Faith    .   (helmet restricted)
rPois    .         Spirit   .   (no amulet)
rElec    .         Reflect  .   (no ring)
rCorr    .         Harm     .   (no ring)
MR       .....                  (no ring)
Stlth    ++++......             (no ring)
HPRegen  0.12/turn              (no ring)
MPRegen  0.09/turn              (no ring)
                                (no ring)
                                (no ring)

@: very slightly contaminated, lightly drained, invisible
A: almost no armour, stealthy swim, amphibious, 8 rings, constrict 8, camouflage
1, gelatinous body 1
a: no special abilities


You were on level 3 of the Dungeon.
You were not hungry.

You visited 1 branch of the dungeon, and saw 3 of its levels.

You collected 72 gold pieces.

Inventory:

Hand Weapons
 a - a +2 dagger (weapon)
 b - a +0 blowgun
Missiles
 c - 8 poisoned needles
 d - 2 curare-tipped needles
Scrolls
 g - a scroll of identify
Comestibles
 f - 3 rations


   Skills:
 * Level 3.9(3.8) Fighting
 + Level 3.0(2.9) Short Blades
 - Level 2.0(1.9) Throwing
 - Level 1.0(0.9) Dodging
 + Level 6.3(6.1) Stealth


You had 4 spell levels left.
You didn't know any spells.
Your spell library was empty.

Dungeon Overview and Level Annotations

Branches:
Dungeon (3/15)

Altars:


Innate Abilities, Weirdness & Mutations

You cannot wear most types of armour.
You are very stealthy in the water. (Stealth+)
You are amphibious.
You can wear up to eight rings at the same time.
You can use your tentacles to constrict eight enemies at once.
Your skin changes colour to match your surroundings (Stealth+).
Your rubbery body absorbs attacks. (AC +1, EV +1)


Message History

The orc throws a tomahawk of returning.
The tomahawk of returning barely misses you.
The weapon returns to the orc!
Something barely misses you.
You hit the orc. Your grab misses the orc.
The orc is lightly wounded.
The orc misses you.
You hear some strange, mumbled words.
A puff of flame appears from out of thin air!
The puff of flame misses you.
The puff of flame hits the orc!
The orc dies!
Something hits you.
* * * LOW HITPOINT WARNING * * *
Things that are here:
a +0 dagger; a cursed +0 robe Something barely misses you.
You hear some strange, mumbled words.
Things that are here:
a cursed -3 club; 2 tomahawks of returning; an orc corpse Something hits you.
You die...

#...#.........#
#...#.........#
####...............
#.................##
#...##......>.....#
#...###............
#...###..........
#....###........
#..)@)###.......
#..{#.)# #####.
#...##.... #...#
##.#.# ##### .# . .
..


There were no monsters in sight!

Vanquished Creatures
  An orc wizard (D:3)
  5 adders (D:2)
  A worm (D:2)
  A dart slug (D:1)
  2 leopard geckos
  2 orcs (D:3)
  A ball python (D:1)
  6 bats
  4 giant cockroaches
  4 hobgoblins
  6 kobolds
  6 frilled lizards
  7 goblins
  4 rats
50 creatures vanquished.

Vanquished Creatures (others)
  An orc (D:3)
1 creature vanquished.

Grand Total: 51 creatures vanquished

Notes
Turn   | Place    | Note
-------+----------+-------------------------------------------
     0 | D:1      | wolfsongas the Octopode Assassin began the quest for the
                  | Orb.
     0 | D:1      | Reached XP level 1. HP: 14/14 MP: 1/1
   115 | D:1      | Reached XP level 2. HP: 20/20 MP: 2/2
   697 | D:2      | Reached XP level 3. HP: 25/25 MP: 3/3
   765 | D:2      | Reached XP level 4. HP: 22/31 MP: 4/4
   926 | D:2      | Reached skill level 6 in Stealth
  1785 | D:3      | Reached XP level 5. HP: 4/37 MP: 5/5
  1794 | D:3      | Slain by an orc wizard

Skill      XL: |  1  2  3  4 |
---------------+-------------+-----
Fighting       | 3 |  3.9
Stealth        | 6 |  6.3
Short Blades   | 3 |  3.0
Throwing       | |  2.0
Dodging        | |  1.0

Action                   |  1- 3 |  4- 6 || total
-------------------------+-------+-------++-------
Melee: Dagger            |    47 |    45 ||    92
       Constrict         |     9 |     9 ||    18
       Tentacles         |     7 |     9 ||    16
  Use: Scroll            |     2 |       ||     2
       Potion            |       |     1 ||     1
 Stab: Sleeping          |    10 |     8 ||    18
  Eat: Ration            |       |     1 ||     1
Armor: Skin              |     1 |     4 ||     5
Dodge: Dodged            |    21 |    27 ||    48
